 Dungeon Crawl Stone Soup version 0.27-a0-1281-ge233d83751 (webtiles) character file.

Game seed: 2558266321265610949

655 mandarbmax the Gusty (level 7, -2/36 HPs)
             Began as a Tengu Air Elementalist on June 13, 2021.
             Was an Initiate of Gozag.
             Shot with an arrow by a centaur (5 damage)
             ... on level 5 of the Dungeon.
             The game lasted 00:09:12 (6592 turns).

mandarbmax the Gusty (Tengu Air Elementalist)       Turns: 6592, Time: 00:09:13

Health: -2/36      AC:  3    Str:  9    XL:     7   Next: 54%
Magic:  10/11      EV: 29    Int: 16    God:    Gozag
Gold:   251        SH:  0    Dex: 15    Spells: 4/10 levels left

rFire    . . .     SeeInvis .   h - +2 falchion (elec)
rCold    . . .     Faith    .   (no shield)
rNeg     . . .     Spirit   .   a - +0 robe
rPois    .         Reflect  .   (helmet restricted)
rElec    .         Harm     .   (no cloak)
rCorr    .         Rampage  .   b - +0 pair of gloves
Will     .....                  (boots unavailable)
Stlth    ++........             g - amulet of the acrobat
HPRegen  0.12/turn              (no ring)
MPRegen  0.12/turn              (no ring)

@: acrobatic, flying quickly and evasively, quick
A: beak, talons 3, nimble flight
a: Renounce Religion, Potion Petition, Call Merchant, Bribe Branch


You were on level 5 of the Dungeon.
You worshipped Gozag.
Gozag was aware of your devotion.
You visited 1 branch of the dungeon, and saw 5 of its levels.

You collected 266 gold pieces.
You paid 15 gold pieces to Gozag.

Inventory:

Hand Weapons
 h - a +2 falchion of electrocution (weapon)
Missiles
 k - 2 throwing nets
Armour
 a - a +0 robe (worn)
 b - a +0 pair of gloves (worn)
Jewellery
 g - an amulet of the acrobat (around neck)
Wands
 m - a wand of mindburst (15)
 o - a wand of iceblast (4)
 q - a wand of acid (11)
Scrolls
 c - a scroll of torment {unknown}
 d - 2 scrolls of teleportation
 f - a scroll of fog {unknown}
 j - a scroll of fear {unknown}
 l - a scroll of amnesia
 n - a scroll of identify {unknown}
 s - a scroll of enchant weapon {unknown}
 t - a scroll of blinking {unknown}
Potions
 e - a potion of curing {unknown}
 i - a potion of mutation {unknown}
 p - a potion of magic {unknown}
 r - a potion of resistance {unknown}
 u - a potion of brilliance {unknown}


   Skills:
 - Level 2.1 Dodging
 - Level 2.0 Stealth
 - Level 2.0 Spellcasting
 + Level 7.9 Conjurations
 + Level 7.9 Air Magic


You had 4 spell levels left.
You knew the following spells:

 Your Spells              Type           Power      Damage    Failure   Level
a - Shock                 Conj/Air       100%       1d9       1%          1
b - Static Discharge      Conj/Air       27%        N/A       1%          2
c - Swiftness             Air            27%        N/A       2%          3

Your spell library contained the following spells:

 Spells                   Type           Power      Damage    Failure   Level
 Foxfire                  Conj/Fire      56%        2x1d6     4%          1
 Airstrike                Air            13%        N/A       8%          4
 Conjure Flame            Conj/Fire      14%        6-21      12%         3
 Summon Small Mammal      Summ           4%         N/A       21%         1
 Call Imp                 Summ           1%         N/A       30%         2
 Sticky Flame             Conj/Fire      14%        2d4       38%         4
 Summon Lightning Spire   Summ/Air       14%        N/A       38%         4
 Call Canine Familiar     Summ           1%         N/A       52%         3
 Inner Flame              Hex/Fire       1%         N/A       52%         3
 Summon Guardian Golem    Hex/Summ       1%         N/A       52%         3
 Summon Ice Beast         Ice/Summ       1%         N/A       90%         4
 Iskenderun's Battlesphe  Conj           27%        2d8       22%         5
 Lightning Bolt           Conj/Air       13%        1d27      22%         5
 Fireball                 Conj/Fire      7%         3d5       75%         5
 Bolt of Magma            Conj/Fire/Erth 5%         4d5       89%         5
 Iron Shot                Conj/Erth      7%         9d2       99%         6
 Orb of Destruction       Conj           13%        9d6       100%        7
 Spellforged Servitor     Conj/Summ      7%         N/A       100%        7


Dungeon Overview and Level Annotations

Branches:
Dungeon (5/15)
 Temple: D:4-7

Altars:
Ashenzari
Gozag
Uskayaw

Shops:
D:1 [


Innate Abilities, Weirdness & Mutations

You have a beak for a mouth.
You have claws for feet.
Your magical nature lets you fly swiftly and evasively.


Message History

There is a stone staircase leading up, spattered with blood here.
Casting: Static Discharge (safe; 1% risk of failure)
Confirm with . or Enter, or press ? or * to list all spells.
The gnoll is struck by an arc of lightning.
The gnoll is moderately wounded.
You are struck by an arc of lightning.
The lightning grounds out.
The gnoll misses you.
You riposte.
You hit the gnoll. Your kick misses the gnoll.
The gnoll is moderately wounded.
Casting: Static Discharge (safe; 1% risk of failure)
Confirm with . or Enter, or press ? or * to list all spells.
The gnoll is struck by an arc of lightning!
You kill the gnoll!
You are struck by an arc of lightning.
Unknown command.
You now have 228 gold pieces (gained 5).
d - 2 scrolls of teleportation (gained 1)
You see here a +0 flail.
There is a stone staircase leading up, spattered with blood here.
You start resting.
Magic restored.
You start resting.
HP restored.
You now have 234 gold pieces (gained 6).
You see here a +0 spear.
You now have 251 gold pieces (gained 17).
A centaur comes into view.
The zap misses the centaur.
The centaur shouts!
The centaur wields a +0 shortbow of freezing.
It is covered in frost.
The centaur shoots an arrow.
The arrow hits you. The arrow freezes you.
The centaur shoots an arrow.
The arrow hits you! The arrow freezes you.
You are too injured to fight recklessly!
You are too injured to fight recklessly!
The centaur shoots an arrow.
The arrow hits you!
* * * LOW HITPOINT WARNING * * *
The arrow freezes you.
You die...
Your body crumbles into a pile of gold.

.............##..........##
............####..###....#
..........).# #..# ##...#
......$...#.# ##.## ##.###
............###..# ###....
.....$...#.).##..####......
...c.....##..#............#
.........##.>..####.......#
..........@###.# #..##...#
#.###.....## #..##..###..[.
# ........# ##.##..# #....
#........# .....##...#.
#.......## .###.....##.
##....#.. .# ##...## .
....#### ## ##.. # ##.. ##.
#.


You could see a centaur.

Vanquished Creatures
  A black bear (D:5)
  A phantom (D:5)
  2 scorpions
  A howler monkey (D:4)
  2 hounds
  A gnoll shaman (D:5)
  A hound zombie (D:5)
  9 gnolls
  8 adders
  4 worms
  7 dart slugs
  7 ball pythons
  2 bats
  5 endoplasms
  4 giant cockroaches
  4 hobgoblins
  2 jackals (D:1)
  2 quokkas
  2 frilled lizards (D:1)
  2 goblins (D:2)
  2 kobolds
  5 rats
74 creatures vanquished.

Notes
Turn   | Place    | Note
-------+----------+-------------------------------------------
     0 | D:1      | mandarbmax the Tengu Air Elementalist began the quest for
                  | the Orb.
     0 | D:1      | Reached XP level 1. HP: 10/10 MP: 4/4
   131 | D:1      | Reached XP level 2. HP: 4/15 MP: 1/6
   719 | D:1      | Reached XP level 3. HP: 19/19 MP: 0/7
   816 | D:1      | Learned a level 2 spell: Static Discharge
   820 | D:1      | Learned a level 3 spell: Swiftness
   865 | D:1      | Found Xaf Beskir's Armour Boutique.
  1932 | D:2      | Reached XP level 4. HP: 24/24 MP: 3/8
  2531 | D:3      | Reached skill level 5 in Conjurations
  2531 | D:3      | Reached skill level 5 in Air Magic
  2652 | D:3      | Gained mutation: Your magical nature lets you fly swiftly
                  | and evasively. [Tengu growth]
  2652 | D:3      | Reached XP level 5. HP: 28/28 MP: 2/9
  3401 | D:3      | Found a hide-covered altar of Uskayaw.
  3405 | D:3      | Found a broken altar of Ashenzari.
  3408 | D:3      | Found an opulent altar of Gozag.
  3412 | D:3      | Became a worshipper of Gozag Ym Sagoz the Greedy
  4118 | D:4      | Reached XP level 6. HP: 32/32 MP: 4/10
  5085 | D:5      | Entered Level 5 of the Dungeon
  5226 | D:5      | Noticed a black bear
  5240 | D:5      | Killed a black bear
  5241 | D:5      | Reached XP level 7. HP: 8/36 MP: 1/11
  6592 | D:5      | Shot with an arrow by a centaur

Illustrated notes

Levels and vault maps discovered:
D:1:      saegor_arrival_simple_b, layout_rooms, serial_shops, shop
D:2:      layout_basic, minivault_5, moated_statue
D:3:      layout_loops_cross, grunt_temple_overflow_diamond, grunt_decor_cap,
          hangedman_decor_points
D:4:      layout_loops_corners
D:5:      layout_layer_cave, kennysheep_mini, nicolae_overflow_crystal_walls,
          cheibriados_altar_1

Skill      XL: |  1  2  3  4  5  6 |
---------------+-------------------+-----
Conjurations   | 2 3 4 5 6 7 |  7.9
Air Magic      | 5 6 7 |  7.9
Dodging        | |  2.1
Stealth        | |  2.0
Spellcasting   | |  2.0

Action                   |  1- 3 |  4- 6 |  7- 9 || total
-------------------------+-------+-------+-------++-------
Melee: Unarmed           |    10 |       |       ||    10
       Kick              |     1 |     3 |     1 ||     5
       Short sword       |     2 |       |       ||     2
       Falchion          |       |     6 |     1 ||     7
 Cast: Shock             |    72 |   101 |    28 ||   201
       Static Discharge  |       |     3 |     8 ||    11
       Swiftness         |       |       |     3 ||     3
  Use: Scroll            |       |     2 |       ||     2
Armor: Robe              |     2 |     1 |       ||     3
Dodge: Dodged            |    17 |    21 |     5 ||    43
       Rpst.: Falchion   |       |     7 |     2 ||     9

Table legend: (Time is in decaauts)
 A = Elapsed time spent in this place.
 B = Non-inter-level travel time spent in this place.
 C = Inter-level travel time spent in this place.
 D = Time resting spent in this place.
 E = Time spent auto-exploring this place.
 F = Levels seen in this place.
 G = Mean time per level.
                   A        B        C        D        E       F      G
               +--------+--------+--------+--------+--------+-----+--------+
         Total |   6431 |   6266 |    165 |   1959 |   3767 |   5 | 1286.2 |
       Dungeon |   6431 |   6266 |    165 |   1959 |   3767 |   5 | 1286.2 |
               +--------+--------+--------+--------+--------+-----+--------+

Top non-repeatable levels by time:
     D:4: 2102 daAuts
     D:2: 1618 daAuts
     D:1: 1084 daAuts
     D:3: 1041 daAuts
     D:5: 585 daAuts
